 Dungeon Crawl Stone Soup version 0.21-a0-476-gd103f4b (webtiles) character file.

248 tof the Slasher (level 5, 0/42 HPs)
             Began as a Demonspawn Berserker on Nov 22, 2017.
             Was a Believer of Trog.
             Slain by a phantom (3 damage)
             ... on level 2 of the Dungeon.
             The game lasted 00:02:31 (2523 turns).

tof the Slasher (Demonspawn Berserker)              Turns: 2523, Time: 00:02:32

Health: 0/42       AC:  5    Str: 18    XL:     5   Next: 86%
Magic:  5/5        EV: 12    Int:  8    God:    Trog [**....]
Gold:   49         SH:  0    Dex: 13    Spells: 4/4 levels left

rFire    + . .     SeeInvis .   a - +0 falchion
rCold    . . .     Gourm    .   (no shield)
rNeg     . . .     Faith    .   i - +0 ring mail
rPois    .         Spirit   .   (no helmet)
rElec    .         Reflect  .   (no cloak)
rCorr    .         Harm     .   (no gloves)
MR       .....                  (no boots)
Stlth    +.........             (no amulet)
HPRegen  0.14/turn              (no ring)
MPRegen  0.09/turn              (no ring)

@: berserk cooldown, slowed, very slow
A: fire resistance 1
a: Berserk, Trog's Hand, Burn Spellbooks, Renounce Religion


You were on level 2 of the Dungeon.
You worshipped Trog.
Trog was pleased with you.
You were hungry.

You visited 1 branch of the dungeon, and saw 2 of its levels.

You collected 49 gold pieces.

Inventory:

Hand Weapons
 a - a +0 falchion (weapon)
Armour
 i - a +0 ring mail (worn)
Scrolls
 b - 3 scrolls of teleportation {unknown}
 d - 2 scrolls of noise {unknown}
 e - a scroll of random uselessness {unknown}
 f - 3 scrolls of identify {unknown}
 g - a scroll of enchant armour {unknown}
 h - a scroll of fog {unknown}
Potions
 j - a potion of resistance
Comestibles
 c - 3 bread rations
 k - a chunk of flesh


   Skills:
 + Level 3.9 Fighting
 * Level 4.3 Long Blades
 + Level 2.9 Armour
 + Level 2.9 Dodging


You had 4 spell levels left.
You didn't know any spells.

Dungeon Overview and Level Annotations

Branches:
Dungeon (2/15)

Altars:


Innate Abilities, Weirdness & Mutations

Your flesh is heat resistant. (rF+)


Message History

The phantom hits you.
You closely miss the phantom.
The phantom blinks!
The phantom hits you.
You hit the phantom.
The phantom is lightly damaged.
The phantom hits you.
The phantom blinks!
The phantom blinks!
The phantom hits you!
* * * LOW HITPOINT WARNING * * *
The phantom hits you.
* * * LOW HITPOINT WARNING * * *
The phantom blinks!
The phantom hits you.
* * * LOW HITPOINT WARNING * * *
You hit the phantom but do no damage.
The phantom is lightly damaged.
The phantom hits you.
* * * LOW HITPOINT WARNING * * *
The phantom blinks!
The phantom hits you.
You die...

#............######..###
#...............#..†....
#........)....#.#.#..##.
#.............#.#.#.....
#.....#'####.#.#.#..##.
#.....#.# #.#.#.#..##.
##.......# #.#.#>#..##.
#$.......# #.#.#.#..##.
#.##...@.# #.#.#.#..##.
##..W..# #.#.#.#..##.
#......# .#.# #..##.
#......# #<# #..##.
#......# ### #..##.
#........ #..##.
#.#........ #.....
#.########## .#..... #<
#.......


You could see a phantom.

Vanquished Creatures
  Sigmund (D:2)
  3 adders (D:2)
  An ooze (D:2)
  3 dart slugs
  3 leopard geckos
  A ball python (D:2)
  4 giant cockroaches
  5 hobgoblins (D:1)
  3 jackals (D:1)
  A quokka (D:2)
  2 bats (D:1)
  2 frilled lizards
  9 goblins
  4 kobolds
  5 rats
47 creatures vanquished.

Notes
Turn   | Place    | Note
-------+----------+-------------------------------------------
     0 | D:1      | tof the Demonspawn Berserker began the quest for the Orb.
     0 | D:1      | Reached XP level 1. HP: 18/18 MP: 1/1
   281 | D:1      | Gained mutation: Your flesh is heat resistant. (rF+) [demonic ancestry]
   281 | D:1      | Reached XP level 2. HP: 2/24 MP: 2/2
   285 | D:1      | Reached skill level 3 in Long Blades
  1024 | D:1      | Reached XP level 3. HP: 28/29 MP: 3/3
  1347 | D:1      | Reached ** piety under Trog
  1862 | D:2      | Noticed Sigmund
  1864 | D:2      | Reached XP level 4. HP: 29/35 MP: 4/4
  1951 | D:2      | Killed Sigmund
  1951 | D:2      | Reached skill level 4 in Long Blades
  1951 | D:2      | Reached XP level 5. HP: 42/42 MP: 5/5
  2492 | D:2      | Noticed a phantom
  2521 | D:2      | HP: 2/42 [phantom (4)]
  2523 | D:2      | Slain by a phantom

Vault maps used:
D:1:      saegor_arrival_simple_f
D:2:      nicolae_ru_great_annihilating_truth, first_bread, uniq_sigmund

Skill      XL: |  1  2  3  4 |
---------------+-------------+-----
Long Blades    | 3 4 |  4.3
Armour         | 2 |  2.9
Dodging        | 2 |  2.9
Fighting       | |  3.9

Action                   |  1- 3 |  4- 6 || total
-------------------------+-------+-------++-------
Melee: Falchion          |   150 |    81 ||   231
Invok: Berserk           |       |     2 ||     2
       Trog's Hand       |       |     1 ||     1
  Eat: Chunk             |     3 |     4 ||     7
Armor: Animal skin       |    22 |       ||    22
       Ring mail         |    30 |    30 ||    60
Dodge: Dodged            |   107 |    57 ||   164
       Rpst.: Falchion   |    31 |    16 ||    47

Table legend:
 A = Spawn XP
 B = Non-spawn XP
 C = Spawn XP percentage of total XP
 D = Spawn monster count
 E = Non-spawn monster count
 F = Spawn count percentage of total count
 G = Total turns spent on level
                    A         B        C        D         E        F      G
               +---------+---------+-------+---------+---------+-------+---------
         Total |       0 |     355 |   0.0 |       0 |      47 |   0.0 |  2523
               +---------+---------+-------+---------+---------+-------+---------
           D:1 |       0 |      53 |   0.0 |       0 |      28 |   0.0 |  1651
           D:2 |       0 |     302 |   0.0 |       0 |      19 |   0.0 |   872
               +---------+---------+-------+---------+---------+-------+---------
